 Dungeon Crawl Stone Soup version 0.30.0-10-gfe55d96785 (webtiles) character file.

Game seed: 1147652489500120885

49 monsoonserge the Covered (level 4, 0/40 HPs)
             Began as a Meteoran Fighter on May 15, 2023.
             Slain by Sigmund
             ... wielding a +0 scythe
              (3 damage)
             ... on level 2 of the Dungeon.
             The game lasted 00:03:17 (565 turns).

monsoonserge the Covered (Meteoran Fighter)          Turns: 565, Time: 00:03:17

Health: 0/40       AC:  9    Str: 19    XL:     4   Next: 22%
Magic:  5/5        EV:  8    Int: 10    God:
Gold:   57         SH:  0    Dex: 13    Spells: 3/3 levels left

rFire   . . .        a - +0 flail
rCold   . . .        c - +0 buckler
rNeg    . . .        h - +0 chain mail
rPois   .            (no helmet)
rElec   .            (no cloak)
rCorr   .            (no gloves)
SInv    .            (no boots)
Will    .....        (no amulet) Stlth
                     (no ring)
HPRegen 0.26/turn    (no ring)
MPRegen 0.09/turn

%: no passive effects
@: confused, glowing
A: sense surroundings 1, otherworldly, glowing, explore regen
a: no special abilities


You were on level 2 of the Dungeon.
You visited 1 branch of the dungeon, and saw 3 of its levels.

You collected 57 gold pieces.

Inventory:

Hand Weapons
 a - a +0 flail (weapon)
Armour
 b - a +0 scale mail
 c - a +0 buckler (worn)
 h - a +0 chain mail (worn)
Scrolls
 e - a scroll of blinking {unknown}
 g - a scroll of torment {unknown}
 i - a scroll of teleportation {unknown}
 j - a scroll of noise {unknown}
 k - a scroll of enchant weapon {unknown}
Potions
 d - a potion of might
 f - a potion of degeneration {unknown}


   Skills:
 + Level 3.6 Fighting
 + Level 3.3 Maces & Flails
 + Level 4.4 Armour
 + Level 1.0 Dodging
 + Level 4.0 Shields


You had 3 spell levels left.
You didn't know any spells.
Your spell library contained the following spells:

 Spells                   Type           Power      Damage    Failure   Level
 Gell's Gravitas          Tloc           0%         N/A       100%        3
 Teleport Other           Tloc           0%         N/A       100%        3
 Dispersal                Tloc           0%         N/A       100%        6


Dungeon Overview and Level Annotations

Branches:
Dungeon (3/15) Zot: 1204

Altars:

Annotations:
D:2 Sigmund


Innate Abilities, Weirdness & Mutations

You passively map a small area around you.
You are easily found by Zot.
You glow in the dark.
You regain HP and MP as you explore.


Message History

You kill the kobold!
Something hits you but does no damage.
Unknown command.
You closely miss something.
You hear a zap.
The roots erupt in riotous growth!
The grasping roots grab you!
You are constricted.
Unknown command.
You closely miss something. Something hits you.
You are constricted.
You barely miss something. Something hits you.
You are constricted.
* * * LOW HITPOINT WARNING * * *
The grasping roots release their grip on you.
You hit something. Something hits you but does no damage.
You closely miss something.
You hear some strange, mumbled words.
A puff of flame appears from out of thin air!
The puff of flame misses you.
You miss something.
You hear a zap.
The roots erupt in riotous growth!
The grasping roots grab you!
You are constricted.
* * * LOW HITPOINT WARNING * * *
You hear a bark!
You sock something!
You hear some strange, mumbled words.
You are confused.
You are constricted.
* * * LOW HITPOINT WARNING * * *
Unknown command.
Okay, then.
You escape the roots grasp.
Something hits you.
* * * LOW HITPOINT WARNING * * *
Something hits you but does no damage.
You see here a +0 club.
Unknown command.
You're too confused to move!
You bump into the rock wall.
Something hits you.
You die...

###.#........#.# * #...# ,
#..........#.# #...# ,
##.........#.# #...# *
####....######.#, #...#
#........#####.# ##'##*
####........#...#.#,#######.#
#...............#.# #....##.#
,# #......#####....#.#
+....'..# *.# #......#
###..@.# #....######.#
#......# ###..#*#...........#
#......# #{).##.....##.....
#......# ##..##.....##.....
#......# ..[#............
######## * * .#.####.........
, .#.####.........
.#.....#.##>.... * ,.#
###.........#


There were no monsters in sight!

Vanquished Creatures
  An adder (D:2)
  A worm (D:2)
  A dart slug (D:1)
  2 ball pythons
  5 endoplasms
  2 giant cockroaches (D:1)
  4 goblins
  5 hobgoblins
  4 bats
  A frilled lizard (D:2)
  4 kobolds (D:2)
  3 rats (D:1)
33 creatures vanquished.

Notes
Turn   | Place    | Note
-------+----------+-------------------------------------------
     0 | D:1      | monsoonserge the Meteoran Fighter began the quest for the
                  | Orb.
     0 | D:1      | Reached XP level 1. HP: 19/19 MP: 2/2
    66 | D:1      | Reached XP level 2. HP: 21/26 MP: 3/3
   270 | D:1      | Reached XP level 3. HP: 29/31 MP: 4/4
   468 | D:2      | Reached XP level 4. HP: 39/39 MP: 5/5
   548 | D:2      | Noticed Sigmund
   553 | D:2      | Reached skill level 1 in Dodging
   563 | D:2      | HP: 2/40 [something (3)]
   565 | D:2      | Slain by Sigmund

Illustrated notes

Levels and vault maps discovered:
D:1:      scummos_arrival_checkerplants, layout_basic, serial_curves,
          eino_curves_01, eino_curves_02, minmay_heptomino_w4
D:2:      layout_basic, uniq_sigmund, uniq_jessica
D:3:      layout_basic, ebering_ghost_disaster_area, minmay_goblin_outpost

Skill      XL: |  1  2  3  4 |
---------------+-------------+-----
Armour         | 4 |  4.4
Maces & Flails | 3 |  3.3
Shields        | 4 |  4.0
Dodging        | 1 |  1.0
Fighting       | |  3.6

Action                     |  1- 3 |  4- 6 || total
---------------------------+-------+-------++-------
  Melee: Flail             |    81 |    26 ||   107
 Armour: Scale mail        |    11 |       ||    11
         Chain mail        |    33 |    21 ||    54
  Dodge: Dodged            |    29 |     5 ||    34
  Block: Buckler           |    28 |     7 ||    35
